 Dungeon Crawl Stone Soup version 0.19.1 (webtiles) character file.

1489 nikopol the Skirmisher (level 8, -3/51 HPs)
             Began as a Gargoyle Berserker on Dec 24, 2016.
             Was an Elder of Trog.
             Slain by Menkaure (14 damage)
             ... on level 6 of the Dungeon.
             The game lasted 00:18:15 (5233 turns).

nikopol the Skirmisher (Gargoyle Berserker)         Turns: 5233, Time: 00:18:16

Health: -3/51      AC: 18    Str: 21    XL:     8   Next: 80%
Magic:  8/8        EV:  9    Int:  8    God:    Trog [****..]
Gold:   287        SH:  0    Dex: 11    Spells: 0 memorised, 7 levels left

rFire  + . .     SeeInvis .     a - +0 hand axe
rCold  x . .     Gourm    .     p - +0 chain mail
rNeg   + . .     Faith    .     (no shield)
rPois  ∞         Spirit   .     (no helmet)
rElec  +         Reflect  .     (no cloak)
rCorr  .         Harm     .     q - +1 pair of gloves
MR     ++...                    l - +0 pair of boots
Stlth  ..........               (no amulet)
                                n - ring of fire
                                h - ring of loudness (curse)

@: exhausted, regenerating, slowed, very slow
A: negative energy resistance 1, electricity resistance, unbreathing,
petrification resistance, rot immunity, AC +5
a: Berserk, Trog's Hand, Brothers in Arms, Burn Spellbooks, Renounce Religion


You were on level 6 of the Dungeon.
You worshipped Trog.
Trog was greatly pleased with you.
You were very hungry.

You visited 1 branch of the dungeon, and saw 6 of its levels.
You also visited: Sewer.

You collected 287 gold pieces.

Inventory:

Hand Weapons
 a - a +0 hand axe (weapon)
 z - a +0 shortbow
Missiles
 d - 56 arrows (quivered)
Armour
 b - a +0 animal skin
 l - a +0 pair of boots (worn)
 p - a +0 chain mail (worn)
 q - a +1 pair of gloves (worn)
Jewellery
 h - a cursed ring of loudness (left hand)
 n - a ring of fire (right hand)
Wands
 x - a wand of lightning (7/15)
 E - a wand of slowing (18/48)
Scrolls
 e - 8 scrolls of identify
 i - a scroll of random uselessness
 o - 2 scrolls of magic mapping
 s - a scroll of enchant armour {unknown}
 u - 5 scrolls of amnesia {unknown}
 y - 4 scrolls of fear {unknown}
 C - 2 scrolls of blinking {unknown}
 D - a scroll of teleportation
 H - a scroll of remove curse {unknown}
Potions
 f - 3 potions of invisibility
 g - 3 potions of degeneration {unknown}
 r - 4 potions of brilliance {unknown}
 t - 2 potions of heal wounds {unknown}
 v - 4 potions of lignification {unknown}
 w - a potion of curing {unknown}
 A - 2 potions of might {unknown}
 B - a potion of magic {unknown}
 F - a potion of flight {unknown}
 G - a potion of ambrosia {unknown}
 I - a potion of agility {unknown}
Comestibles
 c - 4 bread rations
 j - a chunk of flesh
 k - a fruit
 m - 5 meat rations


   Skills:
 + Level 6.0 Fighting
 * Level 5.6 Axes
 * Level 3.5 Bows
 + Level 5.7 Armour
 + Level 4.2 Dodging


You had 7 spell levels left.
You didn't know any spells.

Dungeon Overview and Level Annotations

Branches:
Dungeon (6/15)
 Temple: D:4-7

Altars:
Kikubaaqudgha
Nemelex Xobeh

Shops:
D:5 =   D:6 }

Annotations:
D:6 Menkaure


Innate Abilities, Weirdness & Mutations

You are resistant to torment.
Your stone body is resilient. (AC +5)
You are immune to poison.
You resist negative energy. (rN+)
You are resistant to electric shocks. (rElec)
You can survive without breathing.
You are immune to petrification.
You are immune to rotting.


Message History

The magic dart hits you! Menkaure misses you.
You hear some strange, mumbled words.
A magic dart appears from out of thin air!
The magic dart hits you! Menkaure hits you but does no damage.
You hit Menkaure but do no damage.
Menkaure is moderately damaged.
You miss something. Menkaure hits you.
* * * LOW HITPOINT WARNING * * *
Something hits you but does no damage.
Your skin crawls.
You feel resistant to hostile enchantments.
You feel somewhat more hungry. Menkaure hits you but does no damage.
Something hits you but does no damage. Menkaure closely misses you.
Something hits you but does no damage.
You slash Menkaure!
Menkaure is severely damaged.
You barely miss something.
You feel the effects of Trog's Hand fading.
Menkaure hits you!
You die...

........................
...............$....(...
.................<..(..
..................((.#
...............[.(...#
.....................#
................)....#
................M{...#
................@...##
....................#
...................##
.................###
............<...##
.................#
.............####...
............## ###
..........###


You could see Menkaure.

Vanquished Creatures
  Grinder (D:6)
  The ghost of Cyber the Sneak, an amateur SpEn (D:5)
  A centaur (D:5)
  2 ogres
  A scorpion (D:4)
  The ghost of nikopol the Skirmisher, a weakling GrBe of Trog (D:3)
  2 crimson imps
  4 orc priests
  A hound (D:4)
  4 orc wizards
  A centaur skeleton (D:4)
  An iguana (D:5)
  3 worker ants
  Terence (D:2)
  A hound zombie (D:4)
  A hound skeleton (D:4)
  10 adders
  3 gnolls (D:4)
  5 oozes
  An adder zombie (D:5)
  10 worms
  5 leopard geckos
  19 orcs
  5 ball pythons
  2 bats
  8 giant cockroaches
  9 goblins
  8 hobgoblins
  12 jackals
  10 kobolds
  2 quokkas
  6 frilled lizards
  A leopard gecko skeleton (D:4)
  A quokka zombie (D:5)
  7 rats
150 creatures vanquished.

Notes
Turn   | Place    | Note
-------+----------+-------------------------------------------
     0 | D:1      | nikopol the Gargoyle Berserker began the quest for the Orb.
     0 | D:1      | Reached XP level 1. HP: 14/14 MP: 1/1
    90 | D:1      | Reached XP level 2. HP: 7/19 MP: 2/2
   679 | D:1      | Reached XP level 3. HP: 22/23 MP: 3/3
   764 | D:2      | Noticed Terence
   775 | D:2      | Killed Terence
   830 | D:2      | Reached ** piety under Trog
   834 | D:2      | Reached XP level 4. HP: 28/29 MP: 4/4
  1191 | D:3      | Reached skill level 4 in Fighting
  1196 | D:3      | Reached XP level 5. HP: 33/33 MP: 5/5
  1521 | D:3      | Reached *** piety under Trog
  1526 | D:3      | Reached XP level 6. HP: 21/39 MP: 6/6
  1681 | D:3      | Found a sparkling altar of Nemelex Xobeh.
  1734 | D:3      | Noticed nikopol's ghost (weakling GrBe)
  1947 | D:3      | Killed nikopol's ghost
  2155 | D:3      | Found an ancient bone altar of Kikubaaqudgha.
  2580 | D:4      | Reached XP level 7. HP: 44/44 MP: 7/7
  2582 | D:4      | Reached skill level 5 in Fighting
  3186 | D:5      | Entered Level 5 of the Dungeon
  3258 | D:5      | Reached skill level 5 in Armour
  3321 | D:5      | Found a glowing drain.
  3342 | Sewer    | Entered a sewer
  3524 | Sewer    | Reached **** piety under Trog
  3572 | Sewer    | Reached skill level 1 in Bows
  3635 | Sewer    | Reached XP level 8. HP: 50/50 MP: 8/8
  3792 | D:5      | Reached skill level 5 in Axes
  3837 | D:5      | Found Ciupo's Jewellery Shoppe.
  4054 | D:5      | Noticed Cyber's ghost (amateur SpEn)
  4062 | D:5      | Killed Cyber's ghost
  4962 | D:6      | Noticed Grinder
  4973 | D:6      | Killed Grinder
  4973 | D:6      | Reached skill level 6 in Fighting
  5067 | D:6      | Found Xaixuc's Gadget Emporium.
  5207 | D:6      | Noticed Menkaure
  5233 | D:6      | Slain by Menkaure

Skill      XL: |  1  2  3  4  5  6  7  8 |
---------------+-------------------------+-----
Axes           | 3 4 5 |  5.6
Dodging        | 2 3 4 |  4.2
Fighting       | 4 5 6 |  6.0
Armour         | 3 4 5 |  5.7
Bows           | 1 3 |  3.5

Action                   |  1- 3 |  4- 6 |  7- 9 || total
-------------------------+-------+-------+-------++-------
Melee: Hand axe          |    68 |   255 |   250 ||   573
 Fire: Shortbow          |       |       |   161 ||   161
Invok: Berserk           |     1 |     4 |     4 ||     9
       Burn Spellbooks   |       |       |     1 ||     1
       Trog's Hand       |       |       |     1 ||     1
  Use: Scroll            |       |       |     4 ||     4
  Eat: Chunk             |     1 |     6 |    12 ||    19
       Beef jerky        |       |     1 |       ||     1
       Fruit             |       |       |     2 ||     2
Armor: Animal skin       |    17 |       |       ||    17
       Chain mail        |    19 |   166 |   208 ||   393
Dodge: Dodged            |    53 |   120 |   156 ||   329
